[Event "Live Chess"]
[Site "Chess.com"]
[Date "2024.06.02"]
[Round "-"]
[White "TigerTank70"]
[Black "NAZRIZ1977"]
[Result "1/2-1/2"]
[WhiteElo "2232"]
[BlackElo "2154"]
[TimeControl "300"]
[EndTime "16:45:12 PDT"]
[Termination "Game drawn - insufficient material"]

1. e4 c5 2. d4 cxd4 3. c3 Nf6 4. e5 Nd5 5. Bc4 Nb6 6. Bb3 Nc6 7. Nf3 d6 8. exd6 Qxd6 9. O-O g6 10. cxd4 Bg7 11. Be3 O-O 12. Nc3 Bg4 13. d5 Ne5 14. Ne4 Bxf3 15.
gxf3 Qd7 16. f4 Ng4 17. Bd4 e5 18. Nc5 Qf5 19. fxe5 Qh5 20. Kg2 Qxh2+ 21. Kf3 Nxe5+ 22. Bxe5 Bxe5 23. Rh1 Qf4+ 24. Kg2 Rac8 25. Nd3 Qg5+ 26.
Kf1 Bg7 27. Qf3 Rcd8 28. Rd1 Nxd5 29. Rg1 Qf5 30. Qxf5 gxf5 31. Ne5 Kh8 32. Nxf7+ Rxf7 33. Rxd5 Rxd5 34. Bxd5 Rd7 35. Be6 Rd1+ 36. Kg2 Rxg1+ 37. Kxg1 Bxb2 38. Bxf5 Kg7 39. f3 Bd4+ 40. Kg2 h6 41.
Kh3 Kf6 42. Kg4 Be3 43. Be4 b5 44. Bc6 b4 45. Ba4 a5 46. Bb5 Bg5 47. Ba4 Bd2 48. Bb5 Ke5 49. Be8 Kd4 50. Bf7 Kc3 51.
f4 a4 52. f5 Bg5 53. Kh5 b3 54. axb3 axb3 55. Bxb3 Kxb3 56. f6 Bxf6 57. Kxh6 1/2-1/2

[Event "Live Chess"]
[Site "Chess.com"]
[Date "2024.06.02"]
[Round "-"]
[White "KwikPhoenix"]
[Black "RichardABates"]
[Result "0-1"]
[WhiteElo "2419"]
[BlackElo "2330"]
[TimeControl "300"]
[EndTime "16:45:33 PDT"]
[Termination "RichardABates won by checkmate"]

1. b3 Nf6 2. Bb2 g6 3. Bxf6 exf6 4. c4 Bg7 5. Nc3 O-O 6. g3 d6 7. Bg2 f5 8. Rc1 Nd7 9. e3 Nf6 10. Nge2 c6 11. d4 Re8 12. O-O h5 13. h4 Ng4 14.
Nf4 a5 15. a3 Bf6 16. Nh3 Bd7 17. b4 axb4 18. axb4 Qe7 19. b5 Nxe3 20. fxe3 Qxe3+ 21. Kh2 Bxd4 22. Rf3 Qe5 23. Ne2 Bc5 24. Nef4 Ra2 25. Rc2 Ra1 26. Rc1 Rxc1 27. Qxc1 Be3 28. Qb1 Kg7 29. Qd3 cxb5 30. Nd5 Bd4 31. Nhf4 bxc4 32. Qxc4 Rc8 33. Qb3 Bc6 34. Rf1 Ra8 35. Rd1 Ra1 36. Rxa1 Bxa1 37. Nb4 Bxg2 38. Nxg2 Bd4 39. Nd3 Qe4 40.
Ndf4 Be5 41. Nd5 Qe2 42. Nb6 Bd4 43. Qb1 Qf3 44. Qc1 Bf2 45. Qf4 Qxf4 46. Nxf4 Bxb6 47. Nd5 Bc5 48. Kg2 b5 49. Kf3 b4 50. Ke2 f6 51. Nf4 Kf7 52. Kd3 g5 53. Nxh5 Kg6 54. g4 fxg4 55. Ng3 gxh4 56. Nh1 g3 57. Ke2 g2 58.
Nf2 g1=Q 59. Nd3 Qd4 60. Ne1 Qe3+ 61. Kd1 b3 62. Nf3 Qxf3+ 63. Kd2 Bb4+ 64. Kc1 Qe3+ 65. Kb1 Qd3+ 66. Kb2 Qc2+ 67. Ka1 Qa2# 0-1

[Event "Live Chess"]
[Site "Chess.com"]
[Date "2024.06.02"]
[Round "-"]
[White "mychess51"]
[Black "MagnersCarlsberg2870"]
[Result "0-1"]
[WhiteElo "1760"]
[BlackElo "1782"]
[TimeControl "300"]
[EndTime "16:45:45 PDT"]
[Termination "MagnersCarlsberg2870 won by resignation"]

1. d4 Nf6 2. Nf3 b6 3. g3 Bb7 4. Bg2 d6 5. O-O g6 6. c4 Bg7 7. Nc3 O-O 8. Bg5 Nbd7 9. Nh4 h6 10. Bxb7 hxg5 11. Bxa8 gxh4 12. Bg2 hxg3 13. fxg3 Ng4 14.
e4 Ne3 15. Qf3 Nxf1 16. Rxf1 Bxd4+ 17. Kh1 Ne5 18. Qd1 c5 19. Qb3 Qd7 20. Ne2 Ng4 21.
Nxd4 cxd4 22. Qd1 e5 23. Bh3 Nf2+ 24. Rxf2 Qxh3 25. Qf3 f5 26. b3 Qg4 27. exf5 Qxf3+ 28. Rxf3 gxf5 29. Kg2 e4 30. Rf4 d3 31. Kf2 Kg7 32. Ke3 Kg6 33. Rh4 Kg5 34. Rh7 Rd8 35.
Rxa7 d5 36. h4+ Kf6 37. Kd2 dxc4 38. bxc4 e3+ 39. Kd1 Rd4 40. Ra6 Rxc4 41. Rxb6+ Kg7 42. Rd6 d2 43. Ke2 Rc1 44. Kxe3 d1=Q 45. Rxd1 Rxd1 46. Kf4 Kf6 47. Kf3 Ra1 48. g4 Rxa2 49. gxf5 Kxf5 0-1

[Event "Live Chess"]
[Site "Chess.com"]
[Date "2024.06.02"]
[Round "-"]
[White "GwaryTek"]
[Black "Queensandpawns"]
[Result "0-1"]
[WhiteElo "1918"]
[BlackElo "2306"]
[TimeControl "300"]
[EndTime "16:46:02 PDT"]
[Termination "Queensandpawns won on time"]

1. d4 e5 2. dxe5 Bc5 3. Nf3 d6 4. Nc3 Ne7 5. Ne4 O-O 6. Nxc5 dxc5 7. Qxd8 Rxd8 8. Bg5 Nbc6 9. Rd1 Be6 10. e3 Nb4 11.
Bd3 Re8 12. a3 Nbc6 13. Bxe7 Nxe7 14. O-O c4 15. Be4 c6 16. Nd4 Bd5 17. Bxd5 Nxd5 18. Nf3 Rad8 19. h3 Nb6 20. b3 c3 21. Rfe1 Nd5 22. Kf1 b5 23. Nd4 Rc8 24. f4 a5 25.
Nxc6 Nxe3+ 26. Rxe3 Rxc6 27. Red3 h5 28. Kf2 Kh7 29.
Kf3 b4 30. axb4 axb4 31. Rd4 Rb8 32. g4 hxg4+ 33. hxg4 Kg6 34. Rh1 f6 35. f5+ Kf7 36.
e6+ Kg8 37. Rhd1 Rcc8 38. Rd7 Re8 39. Rf7 Rf8 40. Rdd7 Rxf7 41. Rxf7 Rd8 42. Rb7 Re8 0-1

[Event "Live Chess"]
[Site "Chess.com"]
[Date "2024.06.02"]
[Round "-"]
[White "NeilDruggan73"]
[Black "oscalik"]
[Result "0-1"]
[WhiteElo "1740"]
[BlackElo "2280"]
[TimeControl "300"]
[EndTime "16:46:07 PDT"]
[Termination "oscalik won by checkmate"]

1. d4 Nf6 2. Bg5 d5 3. Bxf6 gxf6 4. e3 c5 5. Nf3 Nc6 6. dxc5 e5 7. Be2 Bxc5 8. O-O Be6 9. c4 d4 10. exd4 Nxd4 11. Nxd4 Bxd4 12. Qc2 Qd7 13. Nd2 O-O-O 14. Rad1 Qc7 15. Ne4 f5 16. Nf6 Kb8 17. Qa4 Qe7 18. Nd5 Rxd5 19. cxd5 Bxd5 20. Rxd4 exd4 21. Qxd4 Rd8 22.
Rd1 Qxe2 23. h3 Qe4 24. Qg7 Qe2 25. Rxd5 Rxd5 26. Qf8+ Kc7 27. Qxf7+ Rd7 28. Qxf5 Qd1+ 29. Kh2 Qd6+ 30. Kg1 b6 31. a3 Qd5 32. Qf4+ Kb7 33. b4 Rg7 34. g3 Re7 35. Qg4 Re1+ 36. Kh2 Rh1# 0-1

[Event "Live Chess"]
[Site "Chess.com"]
[Date "2024.06.02"]
[Round "-"]
[White "wadsy27"]
[Black "WelshTiger"]
[Result "1-0"]
[WhiteElo "2581"]
[BlackElo "2454"]
[TimeControl "300"]
[EndTime "16:46:07 PDT"]
[Termination "wadsy27 won by resignation"]

1. c4 e6 2. g3 d5 3. Bg2 Nf6 4. Nf3 Be7 5. O-O O-O 6. b3 c6 7. Bb2 Nbd7 8. Nc3 b6 9. d3 Bb7 10. e4 dxe4 11. dxe4 Nc5 12. e5 Ng4 13. Ba3 Qc7 14. Qe2 a5 15. h3 Nh6 16. g4 a4 17.
b4 Na6 18. Rab1 c5 19. b5 Nb4 20. Ne4 Bxe4 21. Qxe4 Nxa2 22. Ra1 Nb4 23. Bc1 f5 24. exf6 Bxf6 25. Ra3 Nf7 26. g5 Be7 27. g6 hxg6 28. Qxg6 Bf6 29. Ng5 Nxg5 30. Bxg5 Rad8 31. Be4 Bxg5 32.
Qh7+ Kf7 33. Qh5+ Ke7 34. Qxg5+ Kf7 35. Bg6+ Kg8 36. Qh5 Rf6 37. Qh7+ Kf8 38. Qh8+ Ke7 39. Qxg7+ 1-0

[Event "Live Chess"]
[Site "Chess.com"]
[Date "2024.06.02"]
[Round "-"]
[White "Dhaydon19"]
[Black "booktrunk"]
[Result "1-0"]
[WhiteElo "2676"]
[BlackElo "1484"]
[TimeControl "300"]
[EndTime "16:46:14 PDT"]
[Termination "Dhaydon19 won by resignation"]

1. d4 e6 2. c4 b6 3. Nf3 Bb7 4. g3 h6 5. Bg2 Nf6 6. O-O Be7 7.
Nc3 O-O 8. Qc2 c5 9. d5 exd5 10. cxd5 Qc8 11. e4 Ba6 12. Re1 d6 13. e5 dxe5 14.
Nxe5 Bb7 15. Bf4 Nbd7 16. Nc4 Re8 17. Rxe7 Rxe7 18. Nd6 Qc7 19. Nxb7 Qxb7 20. d6 Qxg2+ 21.
Kxg2 Re6 22. Rd1 Rae8 23. h3 Ne4 24. Nxe4 Rxe4 25. Qd3 Re2 26. Qb5 Rc2 27. Qxd7 Ree2 28. Be3 Rxb2 29. Qc8+ Kh7 30. Qf5+ g6 31. Qxf7+ Kh8 32.
d7 Rxf2+ 33. Bxf2 Rxf2+ 34. Kxf2 1-0

[Event "Live Chess"]
[Site "Chess.com"]
[Date "2024.06.02"]
[Round "-"]
[White "Duke_of_Bebington"]
[Black "jk0110"]
[Result "0-1"]
[WhiteElo "1617"]
[BlackElo "1236"]
[TimeControl "300"]
[EndTime "16:46:16 PDT"]
[Termination "jk0110 won by resignation"]

1. e4 e5 2. Nf3 Nc6 3. Bc4 f5 4. d3 Bc5 5. Ng5 f4 6. Nf7 Qh4 7. O-O Nf6 8. Nxh8 Ng4 9. h3 Nxf2 10. Rxf2 Bxf2+ 11. Kh1 d5 12. Qf3 Bg3 13. c3 Bxh3 14.
Bxf4 Bg4+ 15. Kg1 Bxf3 0-1

[Event "Live Chess"]
[Site "Chess.com"]
[Date "2024.06.02"]
[Round "-"]
[White "alicechristina"]
[Black "MaksymYurii"]
[Result "1-0"]
[WhiteElo "1924"]
[BlackElo "952"]
[TimeControl "300"]
[EndTime "16:46:29 PDT"]
[Termination "alicechristina won by checkmate"]

1. c4 d5 2. cxd5 Qxd5 3. Nc3 Qa5 4. g3 c6 5. Bg2 Nf6 6. e4 e5 7.
Nge2 Nbd7 8. O-O Bb4 9. f4 Bxc3 10. Nxc3 O-O 11. fxe5 Qxe5 12. d4 Qb5 13. Nxb5 cxb5 14. e5 Ne8 15. Bf4 Rb8 16. e6 Ndf6 17. Bxb8 fxe6 18.
d5 exd5 19. Bxd5+ Kh8 20. Be5 Bh3 21. Bxf6 Bxf1 22. Qxf1 Nxf6 23. Bxb7 h6 24. Qxb5 Ng4 25. Rf1 Nf6 26. Rxf6 gxf6 27. Qd7 Rg8 28. Be4 Rg7 29.
Qe8+ Rg8 30. Qf7 Rg7 31. Qf8+ Rg8 32. Qxf6+ Rg7 33. Qxh6+ Kg8 34. Bd5+ Kf8 35. Qf6+ Ke8 36. Qxg7 Kd8 37. Bc6 Kc8 38. Qb7+ Kd8 39. Qd7# 1-0

[Event "Live Chess"]
[Site "Chess.com"]
[Date "2024.06.02"]
[Round "-"]
[White "TheSmoulderingMaster"]
[Black "dmitro74"]
[Result "1-0"]
[WhiteElo "1771"]
[BlackElo "1721"]
[TimeControl "300"]
[EndTime "16:46:54 PDT"]
[Termination "TheSmoulderingMaster won by resignation"]

1. e4 e6 2. d4 d5 3. Nc3 dxe4 4. Nxe4 Nd7 5. Nf3 Ngf6 6. Bg5 Be7 7. Bxf6 Nxf6 8.
Bd3 O-O 9. O-O Nxe4 10. Bxe4 c5 11. c3 Qb6 12. h4 Rd8 13. Ng5 h6 14. Qh5 f5 15.
Qf7+ Kh8 16. Qxe7 hxg5 17. hxg5 Bd7 18. g6 Be8 19. Qh4+ Kg8 20. Qh7+ Kf8 21. Qh8+ Ke7 22.
Qxg7+ Kd6 23. Qe5+ Ke7 24. g7 Bf7 25. Bxf5 Qd6 26. Qe3 cxd4 27. Qg5+ Kd7 28. Bh7 d3 29.
Bxd3 Kc7 30. Rad1 Rd7 31. Bb5 Qxd1 32. Rxd1 Rxd1+ 33. Kh2 Bg8 34. Qe7+ Kb6 35. Bc4 Rc8 36. Bxe6 Bxe6 37. Qxe6+ Rc6 38. Qe3+ Kc7 39. g8=Q 1-0

[Event "Live Chess"]
[Site "Chess.com"]
[Date "2024.06.02"]
[Round "-"]
[White "CheckThis4"]
[Black "Rusty_Bridges"]
[Result "1-0"]
[WhiteElo "2693"]
[BlackElo "1472"]
[TimeControl "300"]
[EndTime "16:47:02 PDT"]
[Termination "CheckThis4 won by resignation"]

1. d4 d5 2. Nc3 e6 3. e4 Bb4 4. e5 c5 5. a3 cxd4 6. axb4 dxc3 7.
bxc3 Qc7 8. Nf3 Qxc3+ 9. Bd2 Qc7 10. Bd3 Nc6 11. Qe2 Bd7 12. O-O Nge7 13. Rfe1 Ng6 14. h4 a6 15. h5 Nge7 16. b5 Nd8 17. Bb4 Qb8 18. Bd6 Qa7 19. Reb1 Bxb5 20. Bxb5+ 1-0

[Event "Live Chess"]
[Site "Chess.com"]
[Date "2024.06.02"]
[Round "-"]
[White "Frankie_Badacsonyi"]
[Black "Outspanner"]
[Result "1-0"]
[WhiteElo "2432"]
[BlackElo "1561"]
[TimeControl "300"]
[EndTime "16:47:04 PDT"]
[Termination "Frankie_Badacsonyi won by resignation"]

1. Nf3 c5 2. b3 d6 3. Bb2 e5 4.
e3 Nf6 5. c4 Be7 6. Nc3 Nc6 7.
d3 Bg4 8. Be2 O-O 9. O-O Nd7 10.
h3 Bh5 11. Qc2 f5 12. Nxe5 Nb4 13. Qd2 Bxe2 14. Nxd7 Bxf1 15. Nxf8 Bxd3 16. Ne6 Qd7 17. Nf4 Be4 18. Nxe4 fxe4 19. a3 Nc6 20. Qd5+ Kh8 21. Qxe4 Re8 22. Qd3 Qe6 23. Nxe6 1-0

[Event "Live Chess"]
[Site "Chess.com"]
[Date "2024.06.02"]
[Round "-"]
[White "KeithArkell"]
[Black "educatedlad"]
[Result "1-0"]
[WhiteElo "2412"]
[BlackElo "1712"]
[TimeControl "300"]
[EndTime "16:47:05 PDT"]
[Termination "KeithArkell won by resignation"]

1. d4 Nf6 2. Nf3 g6 3. c4 d5 4. cxd5 Nxd5 5. Nc3 Nxc3 6. bxc3 Bg7 7. g3 O-O 8. Bg2 c5 9. O-O Nc6 10. e3 cxd4 11.
cxd4 Bg4 12. h3 Bf5 13. a4 Qc8 14. Kh2 Rd8 15. Qb3 Be6 16. Qb5 a6 17. Qb6 Bd5 18. Ba3 e6 19. Rab1 Be4 20. Rb2 Rb8 21. Rc1 Qd7 22.
Ne5 Bxe5 23. Bxe4 Bc7 24. Bxc6 bxc6 25. Qxc6 Rxb2 26. Bxb2 Qxc6 27. Rxc6 Rb8 28. Bc3 Bb6 29. a5 Bd8 30. Rxa6 Rc8 31. Bb4 Rc2 32. Ra8 1-0

[Event "Live Chess"]
[Site "Chess.com"]
[Date "2024.06.02"]
[Round "-"]
[White "raclement"]
[Black "vincents82"]
[Result "0-1"]
[WhiteElo "1722"]
[BlackElo "2039"]
[TimeControl "300"]
[EndTime "16:47:20 PDT"]
[Termination "vincents82 won on time"]

1. Nf3 d5 2. g3 Nf6 3. Bg2 Bf5 4. O-O e6 5. d3 h6 6. Nbd2 Be7 7. Re1 Bh7 8. b3 O-O 9. Bb2 c5 10. h4 Nc6 11. a3 b5 12. c4 bxc4 13. dxc4 d4 14. Nh2 Rc8 15. Ndf1 Qb6 16. Bc1 Rfd8 17. Bd2 Ne4 18. b4 cxb4 19. axb4 Nc3 20. Bxc3 dxc3 21. Qa4 Bxb4 22. Rec1 c2 23. Ne3 Nd4 24. Kf1 a5 25. Nxc2 Bd2 26. Rcb1 Qc5 27. e4 Nxc2 28. Qxc2 Qxc4+ 29. Qxc4 Rxc4 30. Rd1 Rcd4 31. Ke2 Bxe4 32. Nf3 Bxf3+ 33.
Bxf3 Bb4 34. Rxd4 Rxd4 35. Rd1 Rxd1 36. Kxd1 a4 37. Kc2 Bc5 0-1

[Event "Live Chess"]
[Site "Chess.com"]
[Date "2024.06.02"]
[Round "-"]
[White "DoctorMantisTobogganMD"]
[Black "ShanthamGrarks"]
[Result "1-0"]
[WhiteElo "2178"]
[BlackElo "1865"]
[TimeControl "300"]
[EndTime "16:47:34 PDT"]
[Termination "DoctorMantisTobogganMD won by resignation"]

1. e4 e6 2. Nf3 d5 3. e5 c5 4. b4 cxb4 5. d4 Nc6 6. a3 b3 7. cxb3 Nge7 8. Bd3 Ng6 9. h4 Be7 10. h5 Nh4 11. Nxh4 Bxh4 12. Qg4 Be7 13. Qxg7 Rf8 14. Qxh7 Nxd4 15. Bh6 Qa5+ 16. Kf1 Bd7 17. Bxf8 Bxf8 18.
Qg8 Bb5 19. Bxb5+ Qxb5+ 20. Kg1 Ne2+ 21. Kh2 d4 22. Qg4 Qxe5+ 23. g3 Rc8 24. Ra2 Nc3 25. Nxc3 Rxc3 26. Re2 Qd5 27. Rhe1 Rc6 28. Re5 Qd6 29. b4 d3 30. R5e3 d2 31. Rd1 Rc1 32. Qe2 Bh6 33. Rxd2 Qc6 34. f3 Bxe3 35. Qxe3 Qb5 36. g4 Qf1 37. Kg3 Qh1 38. Rg2 Qd1 39. h6 Qd6+ 40. Qf4 e5 41. Qxc1 e4+ 42. Qf4 Qe6 43. Qxe4 Qxe4 44.
fxe4 Kf8 45. g5 Kg8 46. Kg4 Kh7 47. Kh5 b5 48. Rf2 1-0

[Event "Live Chess"]
[Site "Chess.com"]
[Date "2024.06.02"]
[Round "-"]
[White "MagnersCarlsberg2870"]
[Black "Queensandpawns"]
[Result "0-1"]
[WhiteElo "1781"]
[BlackElo "2307"]
[TimeControl "300"]
[EndTime "16:47:42 PDT"]
[Termination "Queensandpawns won by resignation"]

1. d4 e5 2. e4 exd4 3. Qxd4 Nc6 4. Qd1 Bc5 5. Bc4 Qh4 6. Qf3 Ne5 7. Qb3 Qxf2+ 8.
Kd1 Qxg2 9. Nd2 Qxh1 10. Nf3 Nxc4 11. Qxc4 Bxg1 12. Ne5 Bd4+ 0-1

[Event "Live Chess"]
[Site "Chess.com"]
[Date "2024.06.02"]
[Round "-"]
[White "grillage"]
[Black "cymbalshift"]
[Result "1-0"]
[WhiteElo "1851"]
[BlackElo "1720"]
[TimeControl "300"]
[EndTime "16:48:00 PDT"]
[Termination "grillage won by resignation"]

1. d4 Nf6 2. Nf3 e6 3. c4 c5 4. g3 b6 5. Bg2 Bb7 6. O-O Qc7 7. Bf4 d6 8. dxc5 bxc5 9. Nc3 a6 10. Qd3 Be7 11. Rfd1 O-O 12. Bxd6 Bxd6 13. Qxd6 Qxd6 14. Rxd6 Nbd7 15. Rad1 Bc8 16. b3 Ra7 17. Na4 Ne8 18. R6d2 e5 19. Ng5 Ndf6 20. Nxc5 h6 21. Nge4 Nxe4 22.
Nxe4 f5 23. Nd6 Nf6 24. Nxc8 Rxc8 25. Rd8+ Rxd8 26. Rxd8+ Kf7 27. h3 Ke7 28. Rd1 e4 29. e3 g5 30. Bf1 Nd7 31. Rd5 Ke6 32. b4 Ne5 33. Ra5 Nf3+ 34. Kg2 Ne1+ 35. Kh1 h5 36. b5 h4 37. Rxa6+ Rxa6 38. bxa6 hxg3 39. fxg3 Nc2 40.
a7 Nb4 41. a8=Q 1-0

[Event "Live Chess"]
[Site "Chess.com"]
[Date "2024.06.02"]
[Round "-"]
[White "Cruiseylee78"]
[Black "StoreySniper"]
[Result "0-1"]
[WhiteElo "1687"]
[BlackElo "2534"]
[TimeControl "300"]
[EndTime "16:48:13 PDT"]
[Termination "StoreySniper won by resignation"]

1. d4 g6 2. Bf4 Bg7 3. e3 Nf6 4. Bd3 c5 5. c3 Nh5 6. Bg3 cxd4 7.
exd4 Nc6 8. Nf3 d6 9. Nbd2 O-O 10. Qc2 Bg4 11. O-O-O Rc8 12. Qb3 Nxd4 13. Nxd4 Bxd4 14.
f3 Be6 15. Qb4 Bg7 16. Nb3 Nxg3 17. hxg3 b6 18. Qh4 h6 19. Rde1 Bxb3 20. axb3 e5 21. f4 Qxh4 22. Rxh4 Rfe8 23. Kd2 d5 24. fxe5 Bxe5 25. Bb5 Bxg3 26. Rxe8+ Rxe8 27. Bxe8 Bxh4 28. Bc6 Bg5+ 29. Kd3 Kf8 30. Bxd5 Ke7 31. Kc4 f5 32. Kb5 Bc1 33. Ka6 Bxb2 34. Kxa7 Bxc3 35. Kxb6 Kd6 36.
Bc4 g5 37. Bd3 f4 38. Be2 Ke5 39. Kb5 Kd4 40. Bf3 Ke3 41. Kc4 Ba5 42. b4 Bc7 43. b5 Kf2 44. Kd5 Kg3 45. Kc6 Bb8 46.
Kb7 Be5 47. b6 g4 48. Be4 f3 49. gxf3 gxf3 50. Bd3 h5 51. Kc6 h4 52. b7 h3 53.
Kd7 h2 0-1

[Event "Live Chess"]
[Site "Chess.com"]
[Date "2024.06.02"]
[Round "-"]
[White "stevochess11"]
[Black "toog"]
[Result "0-1"]
[WhiteElo "1702"]
[BlackElo "2606"]
[TimeControl "300"]
[EndTime "16:48:22 PDT"]
[Termination "toog won by checkmate"]

1. d4 e6 2. Nf3 d5 3. e3 c5 4. b3 Nc6 5. Bd3 Nf6 6. Nbd2 Be7 7.
a3 O-O 8. Bb2 b6 9. O-O Bb7 10.
Ne5 Nxe5 11. dxe5 Nd7 12. f4 f5 13. Nf3 Rc8 14. Ng5 Bxg5 15. fxg5 Qxg5 16. Rf3 c4 17.
Rg3 Qh6 18. bxc4 dxc4 19. Bxf5 Rxf5 20. Qxd7 Rf7 21. Qd4 Qh5 22. Rd1 Bd5 23. Bc3 Qe2 24.
Bb4 Qxc2 25. Qg4 Qf2+ 26. Kh1 Qf1+ 27. Rxf1 Rxf1# 0-1

[Event "Live Chess"]
[Site "Chess.com"]
[Date "2024.06.02"]
[Round "-"]
[White "KwikPhoenix"]
[Black "TigerTank70"]
[Result "0-1"]
[WhiteElo "2407"]
[BlackElo "2245"]
[TimeControl "300"]
[EndTime "16:48:55 PDT"]
[Termination "TigerTank70 won by resignation"]

1. b3 e5 2. Bb2 Nc6 3. e3 d5 4. Bb5 Bd6 5. Nf3 Qe7 6. c4 dxc4 7. bxc4 Bd7 8. O-O a6 9. Bxc6 Bxc6 10. d4 e4 11.
Nfd2 Qh4 12. g3 Qh3 13. Nc3 Nf6 14. d5 Ng4 15. Qxg4 Qxg4 16. dxc6 bxc6 17. Ncxe4 O-O 18.
Kg2 Rab8 19. h3 Qg6 20. Bc3 Bb4 21. Bd4 Rfe8 22. f3 c5 23. Bxc5 Bxc5 24. Nxc5 Rxe3 25.
Rf2 h5 26. h4 Rb2 27. Nce4 Ra3 28. Re1 Raxa2 29. Ng5 f6 30. Nge4 f5 0-1

[Event "Live Chess"]
[Site "Chess.com"]
[Date "2024.06.02"]
[Round "-"]
[White "GEMdzq"]
[Black "NebodarMatevich"]
[Result "1-0"]
[WhiteElo "2294"]
[BlackElo "1547"]
[TimeControl "300"]
[EndTime "16:49:32 PDT"]
[Termination "GEMdzq won by checkmate"]

1. e4 d5 2. exd5 Qxd5 3. Nc3 Qd6 4. d4 Nf6 5. Bc4 a6 6. Nf3 b5 7.
Bb3 c5 8. dxc5 Qxd1+ 9. Kxd1 Bb7 10. Bg5 Nbd7 11. Bxf6 Nxf6 12. Ne5 e6 13. c6 Bc8 14. Ke2 Bd6 15. Nd3 O-O 16. Rad1 Bc7 17. g3 Rd8 18. a4 b4 19. Nxb4 a5 20. Nd3 Ra6 21. f4 Rxc6 22. Ne5 Rc5 23. Rxd8+ Bxd8 24. Rd1 Bc7 25. Nb5 Nd5 26. Nxc7 Rxc7 27. c4 f6 28. cxd5 fxe5 29. dxe6 exf4 30. Rd8# 1-0

[Event "Live Chess"]
[Site "Chess.com"]
[Date "2024.06.02"]
[Round "-"]
[White "educatedlad"]
[Black "Outspanner"]
[Result "1-0"]
[WhiteElo "1717"]
[BlackElo "1544"]
[TimeControl "300"]
[EndTime "16:50:30 PDT"]
[Termination "educatedlad won by resignation"]

1. d4 Nf6 2. Bg5 d5 3. e3 c5 4. Bxf6 exf6 5. Nc3 cxd4 6. Qxd4 Be6 7. Bb5+ Nc6 8. Qa4 Qb6 9. O-O-O Rd8 10. Nge2 a6 11.
Bxc6+ bxc6 12. Nd4 Bd7 13. Nb3 Be7 14. Qa5 Qb7 15. Nc5 Qb5 16. Nxb5 1-0

[Event "Live Chess"]
[Site "Chess.com"]
[Date "2024.06.02"]
[Round "-"]
[White "cymbalshift"]
[Black "MagnersCarlsberg2870"]
[Result "1-0"]
[WhiteElo "1739"]
[BlackElo "1772"]
[TimeControl "300"]
[EndTime "16:50:56 PDT"]
[Termination "cymbalshift won by resignation"]

1. d4 Nf6 2. Nc3 e6 3. e4 Bb4 4. e5 Nd5 5. Qg4 Nxc3 6. a3 Nd5+ 7. axb4 g6 8. c4 Nxb4 9. Bg5 f5 10. Qh4 Nc2+ 11. Kd2 Nxa1 12. Bxd8 O-O 13. Kc3 Nc6 14. Bf6 h5 15. Qg5 Rf7 16. Qxg6+ 1-0

[Event "Live Chess"]
[Site "Chess.com"]
[Date "2024.06.02"]
[Round "-"]
[White "NAZRIZ1977"]
[Black "RichardABates"]
[Result "1-0"]
[WhiteElo "2166"]
[BlackElo "2310"]
[TimeControl "300"]
[EndTime "16:51:21 PDT"]
[Termination "NAZRIZ1977 won by checkmate"]

1. d4 Nf6 2. Nf3 e6 3. e3 c5 4.
Nbd2 cxd4 5. exd4 Be7 6. Bd3 O-O 7. O-O b6 8. Qe2 Bb7 9. c3 d6 10. Re1 Nbd7 11. Ne4 Re8 12. Bf4 Bf8 13. Nxd6 Bxd6 14. Bxd6 Nf8 15. Bf4 Ng6 16. Bg5 h6 17. Bd2 Qd5 18.
Bc4 Qh5 19. Ne5 Nxe5 20. Qxh5 Nxh5 21. dxe5 Red8 22. Be3 g5 23. Rad1 Nf4 24. Bxf4 gxf4 25. f3 Rac8 26. Bb3 Kg7 27. Kf2 Kg6 28. Bc2+ Kg5 29.
g3 b5 30. h4+ Kh5 31. g4+ Kxh4 32. Rh1+ Kg5 33. Rh5# 1-0

[Event "Live Chess"]
[Site "Chess.com"]
[Date "2024.06.02"]
[Round "-"]
[White "Crowded_House"]
[Black "Sir_Sigmund"]
[Result "1/2-1/2"]
[WhiteElo "1727"]
[BlackElo "1850"]
[TimeControl "300"]
[EndTime "16:51:43 PDT"]
[Termination "Game drawn - timeout vs insufficient material"]

1. d4 Nf6 2. Bg5 h6 3. Bh4 g5 4. Bg3 d6 5. e3 Bg7 6. c3 O-O 7. Bd3 Re8 8. Nf3 Nc6 9. Nbd2 e5 10. dxe5 d5 11. exf6 Bxf6 12. O-O Bg4 13. Be2 Bf5 14.
Nb3 Qd7 15. Bd3 Bg4 16. Be2 Bf5 17. Nbd4 Nxd4 18. Nxd4 Bg6 19. Bd3 c5 20. Nf3 Bh5 21.
Be2 Bg6 22. Qd2 Rad8 23. Rfd1 Qe6 24. Bd3 Bh5 25. Qe1 Bxf3 26. gxf3 h5 27. h3 Qxh3 28.
Qf1 Qe6 29. Bb5 Re7 30. Kg2 h4 31. Bh2 a6 32. Be2 Kg7 33. a3 Rg8 34. Rd2 Be5 35. Rad1 Bxh2 36. Kxh2 Qe5+ 37. Kh1 Rd8 38. Qg2 f6 39.
Qh2 Qe6 40. Qg2 Kf7 41. Qg4 Qe5 42. f4 Qe4+ 43. Bf3 Qe6 44. Qxe6+ Kxe6 45. Bxd5+ Kf5 46. Be4+ Kxe4 47. Rxd8 Kf3 48. R1d2 g4 49. R8d7 Rxd7 50. Rxd7 Kxf2 51. Rd2+ Kxe3 52. Rd6 f5 53. Rd7 Kxf4 54. Rxb7 Kf3 55. Rd7 f4 56. Rd3+ Ke2 57. Rd7 f3 58. Re7+ Kf2 59. Rh7 h3 60. Rxh3 gxh3 61. Kh2 Ke2 62.
Kxh3 f2 63. Kg3 f1=Q 64. Kg4 Qf3+ 65. Kg5 Qd3 66. Kh6 Qc2 67. Kg7 Qxb2 68. Kf7 Qxc3 69. Ke7 Qxa3 70. Kd7 1/2-1/2

[Event "Live Chess"]
[Site "Chess.com"]
[Date "2024.06.02"]
[Round "-"]
[White "PaulHumphreys"]
[Black "peteopeteo"]
[Result "1-0"]
[WhiteElo "1409"]
[BlackElo "1558"]
[TimeControl "300"]
[EndTime "16:51:48 PDT"]
[Termination "PaulHumphreys won by checkmate"]

1. d4 d5 2. Nc3 Nf6 3. Bf4 a6 4. e3 Bf5 5. Nf3 e6 6. Ne5 Nbd7 7. g4 Bg6 8. h4 h5 9. g5 Ne4 10.
f3 Nxc3 11. bxc3 Bh7 12. Bd3 Nxe5 13. Bxe5 f6 14. Bxh7 fxe5 15. Bg6+ Ke7 16. f4 e4 17.
Bxh5 Qd6 18. Bg4 c5 19. Rb1 Rb8 20. a4 Kd7 21. f5 Qg3+ 22. Kd2 Qf2+ 23. Qe2 Qxe2+ 24.
Kxe2 exf5 25. Bxf5+ Kc6 26. a5 Be7 27. Rb6+ Kc7 28.
Be6 Rbd8 29. Rhb1 Rd6 30. Rxb7+ Kd8 31. Rb8+ Kc7 32. Rxh8 Rxe6 33. Rbb8 cxd4 34. cxd4 Kd6 35. Rb6+ Kd7 36. Rxe6 Kxe6 37. Ra8 Kf5 38. Rxa6 Kg4 39. Re6 Bb4 40. a6 Kxh4 41. a7 Kxg5 42. a8=Q g6 43. Qd8+ Kh6 44. Qf6 Ba3 45. Qxg6# 1-0

[Event "Live Chess"]
[Site "Chess.com"]
[Date "2024.06.02"]
[Round "-"]
[White "Yegorych"]
[Black "CarmelJane"]
[Result "0-1"]
[WhiteElo "1542"]
[BlackElo "2079"]
[TimeControl "300"]
[EndTime "16:51:49 PDT"]
[Termination "CarmelJane won on time"]

1. d4 Nf6 2. c4 e6 3. Nc3 Bb4 4. Bg5 h6 5. Bxf6 Qxf6 6. Nf3 O-O 7. e3 b6 8. Be2 Bb7 9. O-O c5 10. a3 cxd4 11. exd4 Bd6 12. d5 Bc7 13. Rc1 Na6 14.
b4 Bf4 15. Rc2 Rac8 16. Ne4 Qd8 17. Ng3 Nc7 18. d6 Ne8 19. c5 bxc5 20. bxc5 Bc6 21. Rc4 Bb5 22. Rxf4 Bxe2 23. Qxe2 Rc6 24. Qe5 Nf6 25.
Ne4 Nd5 26. Rg4 f6 27. Qh5 f5 28. Rg6 Nf4 29. Qxh6 Nxg6 30. Qxg6 Rf6 31. Nxf6+ Qxf6 32. Qxf6 gxf6 33. Rc1 Ra6 34. Rc3 Ra4 35. h4 e5 36. h5 e4 37. Nd2 Rd4 38. Rg3+ Kf7 39. Nb3 Rd1+ 40. Kh2 f4 41. Rg4 e3 42. fxe3 fxe3 43. Rf4 Rd3 44. Nc1 Rd1 45. Ne2 Rd2 46. Ng3 e2 47. Re4 a5 48. Rxe2 Rd3 49. a4 Rd5 50. h6 Kg6 51. h7 Kxh7 52. Kg1 Kg6 53. Re3 Rd1+ 54. Kf2 Ra1 55. Ne2 Rxa4 56. Rg3+ Kf7 0-1

[Event "Live Chess"]
[Site "Chess.com"]
[Date "2024.06.02"]
[Round "-"]
[White "bear856"]
[Black "gobbles19"]
[Result "1-0"]
[WhiteElo "2414"]
[BlackElo "2261"]
[TimeControl "300"]
[EndTime "16:52:09 PDT"]
[Termination "bear856 won by resignation"]

1. d4 Nf6 2. Nf3 e6 3. c4 c5 4.
e3 Be7 5. Nc3 O-O 6. d5 exd5 7.
cxd5 d6 8. h3 a6 9. a4 a5 10. e4 Na6 11. Bc4 Nb4 12. O-O Re8 13. Bf4 Bf8 14. Re1 g6 15. Qd2 Nh5 16. Bh2 Bg7 17.
e5 dxe5 18. Nxe5 Nf6 19. d6 Be6 20. Rad1 Nd7 21. Bb5 Nxe5 22. Bxe5 Bxe5 23. Rxe5 Rf8 24.
Qe3 b6 25. Ne4 Nc2 26. Qf4 Nd4 27. Ng5 Bb3 28. Rxd4 cxd4 29. Qxd4 Rc8 30. Re7 h6 31. Ne4 Be6 32. Nf6+ Kh8 33. Ne8+ 1-0